Unix NetHack Version 5.0.0-0 post-release - last build Jun 10 2026 00:39:30 (3ee93aec679c4c4259841fe613dc97188e26a321,branch:main).

Game began 2026-06-16 16:29:29, ended 2026-06-17 00:48:36.

IanCurtis, chaotic male elven Wizard

                           ----------
                           |<.......------------
                           |..-----.^^%.h......###-
                           |.--   -----@------  -
                           |.|        #G`
                           -.|
                           `.
                            .
                            .
                            .
                            ..
                            |.
                             .
                             --

IanCurtis the Thaumaturge  St:14 Dx:13 Co:12 In:18 Wi:12 Ch:9  Chaotic
Dlvl:5  $:1227 HP:0(39) Pw:52(61) AC:8  Xp:6 T:3328 

Latest messages:
 You are caught in a bear trap.
 You hear crashing rock.
 You are caught in a bear trap.
 You are caught in a bear trap.
 You are caught in a bear trap.
 You are caught in a bear trap.
 You hear crashing rock.
 You are caught in a bear trap.
 You hear crashing rock.
 You are caught in a bear trap.
 You are caught in a bear trap.
 You are caught in a bear trap.
 You are caught in a bear trap.
 You are caught in a bear trap.
 You are caught in a bear trap.
 You are caught in a bear trap.
 You are caught in a bear trap.
 In what direction? l
 The spell hits the dwarf!
 You kill the dwarf!
 The gnome picks up a hooded cloak.
 The magic-absorbing blade stuns the gnome!
 You kill the gnome!
 You are caught in a bear trap.
 You are caught in a bear trap.
 You are caught in a bear trap.
 You are caught in a bear trap.
 You are caught in a bear trap.
 You are caught in a bear trap.
 You finally wriggle free.
 There are several objects here.
 In what direction? l
 The spell misses the dwarf lord.
 The gnome hits!
 You kill the gnome!
 You see here an expensive camera.
 You miss the dwarf lord.
 You miss the dwarf lord.
 The dwarf lord swings his broad pick.
 The dwarf lord hits!
 The dwarf lord swings his broad pick.
 The dwarf lord hits again!
 You miss the dwarf lord.
 The dwarf lord swings his broad pick.
 The dwarf lord hits!
 The dwarf lord swings his broad pick.
 The dwarf lord hits again!
 You die...
 Do you want your possessions identified? [ynq] (y) y
 Do you want to see your attributes? [ynq] (y) q

Inventory:
 Coins    ('$')
  $ - 1227 gold pieces
 Weapons  (')')
  a - the rustproof +0 Magicbane (weapon in right hand)
  g - a blessed +1 quarterstaff
 Armor    ('[')
  w - an uncursed +0 orcish helm (being worn)
  i - a cursed -1 pair of levitation boots
  G - an uncursed +0 cloak of magic resistance (being worn)
 Scrolls  ('?')
  J - an uncursed scroll of identify
  K - a cursed scroll of punishment
  L - an uncursed scroll of scare monster
  u - a cursed scroll of teleportation
 Potions  ('!')
  N - an uncursed potion of healing
 Rings    ('=')
  d - an uncursed ring of stealth
  e - an uncursed ring of teleportation
  H - an uncursed ring of teleportation
 Wands    ('/')
  F - a wand of cancellation (0:5)
  c - a wand of digging (0:3)
 Tools    ('(')
  b - a cursed sack containing 13 items
  o - an uncursed tooled horn
  n - a magic marker (0:21)
  z - an uncursed magic whistle named magic
  V - an uncursed oil lamp
  k - an uncursed skeleton key

Contents of the sack:
  an uncursed scroll of create monster
  an uncursed scroll of enchant armor
  an uncursed scroll of enchant weapon
  an uncursed scroll of light
  a cursed scroll of light
  an uncursed scroll of taming
  2 uncursed scrolls of teleportation
  a cursed potion of extra healing
  3 uncursed potions of gain energy
  3 uncursed potions of healing
  4 cursed potions of healing
  a blessed potion of speed
  2 uncursed potions of water

IanCurtis the Wizard's attributes:

Background:
 You were a Thaumaturge, a level 6 male elven Wizard.
 You were chaotic, on a mission for Anhur
 who was opposed by Ptah (lawful) and Thoth (neutral).
 You were right-handed.
 You were in the Gnomish Mines, on level 5.
 You entered the dungeon 3328 turns ago.
 It was the midnight hour.
 There was a new moon in effect when your adventure ended.
 You had 370 experience points, 270 more were needed to attain level 7.

Basics:
 You had 0 out of 39 hit points.
 You had 52 out of 61 energy points (spell power).
 Your armor class was 8.
 Your wallet contained 1227 zorkmids.
 Autopickup was off.

Final Characteristics:
 Your strength was 14 (limit:18).
 Your dexterity was 13 (limit:18).
 Your constitution was 12 (limit:16).
 Your intelligence was 18 (limit:20).
 Your wisdom was 12 (limit:20).
 Your charisma was 9 (limit:18).

Final Status:
 You weren't hungry.
 You were unencumbered.
 You were wielding a dagger.
 You were unskilled in dagger.

Final Attributes:
 You were piously aligned.
 You were magic-protected.
 You were sleep resistant.
 You were telepathic.
 You had infravision.
 You were warded.
 You were lucky.
 You are dead.

Miscellaneous:
 You didn't encounter any bones levels.
 Total elapsed playing time was 47 minutes and 56 seconds.

Major events:
 Turn
    1: IanCurtis the chaotic male elven Wizard entered the dungeon
  776: attained the rank of Conjurer (level 3)
 3157: attained the rank of Thaumaturge (level 6)
 3168: was bestowed with Magicbane by Anhur
 3272: entered the Gnomish Mines
 3328: killed by a dwarf lord

Spells:
 Name                 Level Category     Fail Retention
 force bolt             1   attack         0%   81%-90%
 slow monster           2   enchantment    0%   81%-90%
 healing                1   healing        0%  76%-100%
 remove curse           3   clerical      86%  76%-100%

Skills:
 Fighting Skills
   bare handed combat [Unskilled]
   riding             [Unskilled]
 Weapon Skills
   dagger             [Unskilled]
   knife              [Unskilled]
   axe                [Unskilled]
   short sword        [Unskilled]
   club               [Unskilled]
   mace               [Unskilled]
   quarterstaff       [Basic]
   polearms           [Unskilled]
   spear              [Unskilled]
   trident            [Unskilled]
   sling              [Unskilled]
   dart               [Unskilled]
   shuriken           [Unskilled]
 Spellcasting Skills
   attack spells      [Basic]
   healing spells     [Unskilled]
   divination spells  [Unskilled]
   enchantment spells [Basic]
   clerical spells    [Unskilled]
   escape spells      [Unskilled]
   matter spells      [Unskilled]

Voluntary challenges:
 Character rerolling was not enabled.
 You never genocided any monsters.
 You never polymorphed an object.
 You never changed form.
 You used no wishes.
Achievements:
 You attained the rank of Conjurer.
 You entered a shop.
 You attained the rank of Thaumaturge.
 You entered the Gnomish Mines.

 The Dungeons of Doom: levels 1 to 5
    Level 1:
       A fountain.
    Level 2:
       A ring shop, an altar, some fountains, a grave.
    Level 3: "vault"
    Level 4: "vault, spellbooks by altar"
       A general store, an altar to Anhur.
       Stairs down to The Gnomish Mines.
    Level 5:
 The Gnomish Mines:
    Level 5: <- You were here.
       Final resting place for
          you, killed by a dwarf lord.


Vanquished creatures:
  a kobold mummy
 an elf zombie
  2 little dogs
  2 floating eyes
  a kitten
  2 dwarves
  a kobold shaman
 10 hill orcs
  2 rothes
  2 giant bats
 an orc zombie
  2 dwarf zombies
  a werejackal
 an iguana
  2 coyotes
  a hobbit
  a hobgoblin
  3 giant rats
  a yellow mold
  2 red molds
  2 gnomes
  8 garter snakes
  3 geckos
  5 jackals
  a kobold
  2 goblins
  3 grid bugs
  a bat
  4 lichens
  5 newts
73 creatures vanquished.

No species were genocided or became extinct.

Game over:
                       ----------
                      /          \
                     /    REST    \
                    /      IN      \
                   /     PEACE      \
                  /                  \
                  |    IanCurtis     |
                  |     1227 Au      |
                  |   killed by a    |
                  |    dwarf lord    |
                  |                  |
                  |                  |
                  |       2026       |
                 *|     *  *  *      | *
        _________)/\\_//(\/(/\)/\//\/|_)_______

Goodbye IanCurtis the Wizard...

You died in The Gnomish Mines on dungeon level 5 with 2785 points,
and 1227 pieces of gold, after 3328 moves.
You were level 6 with a maximum of 39 hit points when you died.

